 Dungeon Crawl Stone Soup version 0.28.0-53-g5a82cb258f (webtiles) character file.

Game seed: 4739824062797671678

2 eooof the Chiller (level 1, -10/14 HPs)
             Began as a Demigod Ice Elementalist on June 29, 2022.
             Mangled by Crazy Yiuf
             ... wielding a +4 quarterstaff of chaos
              (13 damage)
             ... on level 2 of the Dungeon.
             The game lasted 00:01:38 (166 turns).

eooof the Chiller (Demigod Ice Elementalist)         Turns: 166, Time: 00:01:39

Health: -10/14     AC:  2    Str:  9    XL:     1   Next: 26%
Magic:  3/5        EV: 12    Int: 17    God:
Gold:   0          SH:  0    Dex: 14    Spells: 2/3 levels left

rFire   . . .      SeeInvis .   b - +0 dagger
rCold   . . .      Faith    .   (no shield)
rNeg    . . .      Spirit   .   a - +0 robe
rPois   .          Reflect  .   (no helmet)
rElec   .          Harm     .   (no cloak)
rCorr   .          Rampage  .   (no gloves)
Will    .....                   (no boots)
Stlth   ++........              (no amulet)
HPRegen 0.04/turn               (no ring)
MPRegen 0.09/turn               (no ring)

@: lethally poisoned (-10 -> -14)
A: high MP 1, forlorn, divine attributes
a: no special abilities


You were on level 2 of the Dungeon.
You visited 1 branch of the dungeon, and saw 2 of its levels.

Inventory:

Hand Weapons
 b - a +0 dagger (weapon)
 c - a +0 mace
Armour
 a - a +0 robe (worn)


   Skills:
 - Level 1.8 Dodging
 - Level 1.8 Stealth
 + Level 1.8 Spellcasting
 + Level 3.6 Ice Magic


You had 2 spell levels left.
You knew the following spells:

 Your Spells              Type           Power      Damage    Failure   Level
a - Freeze                Ice            52%        1d7       4%          1

Your spell library contained the following spells:

 Spells                   Type           Power      Damage    Failure   Level
 Frozen Ramparts          Ice            26%        1d4       13%         3
 Ozocubu's Armour         Ice            13%        N/A       13%         3
 Hailstorm                Conj/Ice       7%         3d4       67%         4


Dungeon Overview and Level Annotations

Branches:
Dungeon (2/15)

Annotations:
D:2 Crazy Yiuf


Innate Abilities, Weirdness & Mutations

You have an increased reservoir of magic. (+10% MP)
You shall have no god before yourself.
Your divine heritage dramatically boosts your attributes as you level up.


Message History

It's broken and can't be closed.
It's broken and can't be closed.
It's broken and can't be closed.
It's broken and can't be closed.
It's broken and can't be closed.
It's broken and can't be closed.
It's broken and can't be closed.
It's broken and can't be closed.
It's broken and can't be closed.
It's broken and can't be closed.
It's broken and can't be closed.
It's broken and can't be closed.
It's broken and can't be closed.
You hit Crazy Yiuf but do no damage.
Crazy Yiuf hits you with a +4 quarterstaff of chaos.
You are lethally poisoned!
You feel sick.
Crazy Yiuf cries, "Shadow bush eyeball!"
You feel sick.
Casting: Freeze (safe; 4% risk of failure)
Confirm with . or Enter, or press ? or * to list all spells.
Aiming: Freeze (safe; 4% risk of failure)
Press: ? - help, Shift-Dir - straight line, f - Crazy Yiuf
Aim: Crazy Yiuf, wielding a +4 quarterstaff of chaos, wearing a +0 cloak and carrying a wand of digging (1)
You freeze Crazy Yiuf.
Crazy Yiuf is moderately wounded.
* * * LOW HITPOINT WARNING * * *
You feel sick. Crazy Yiuf closely misses you.
Casting: Freeze (safe; 4% risk of failure)
Confirm with . or Enter, or press ? or * to list all spells.
Aiming: Freeze (safe; 4% risk of failure)
Press: ? - help, Shift-Dir - straight line, f/p - Crazy Yiuf
Aim: Crazy Yiuf, wielding a +4 quarterstaff of chaos, wearing a +0 cloak and carrying a wand of digging (1) (moderately wounded)
You freeze Crazy Yiuf.
Crazy Yiuf is moderately wounded.
* * * LOW HITPOINT WARNING * * *
You feel sick.
Crazy Yiuf hits you with a +4 quarterstaff of chaos!
Ouch! That really hurt!
You die...

#### #..#
#.###♣♣♣♣♣
#.#..).♣.♣♣♣ ###
#.......♣@g♣#...#
#....♣.♣♣♣♣.'...#
#.....♣♣ ♣♣#..)#
#.###♣♣ ### #.#
#.# #.#####
#.....#
########.....#####


You could see Crazy Yiuf.

Vanquished Creatures
  A giant cockroach (D:2)
  A goblin (D:2)
2 creatures vanquished.

Notes
Turn   | Place    | Note
-------+----------+-------------------------------------------
     0 | D:1      | eooof the Demigod Ice Elementalist began the quest for the
                  | Orb.
     0 | D:1      | Reached XP level 1. HP: 14/14 MP: 5/5
   141 | D:2      | Found a runed translucent door.
   142 | D:2      | Noticed Crazy Yiuf
   166 | D:2      | Mangled by Crazy Yiuf

Illustrated notes

Levels and vault maps discovered:
D:1:      ebering_trefoil_twist, layout_rooms
D:2:      layout_basic, dreamdust_ecumenical_altar_angels_and_demons,
          serial_shops, nicolae_shop_hallway_stairs, uniq_crazy_yiuf_cottage

Action                   || total
-------------------------++-------
Melee: Dagger            ||     4
 Cast: Freeze            ||     4
Armor: Robe              ||     1
Dodge: Dodged            ||     2
